Map: Zen LE

Players

burial

  • Race: Terran Terran
  • Spawn Location: 1:00

JohnnyV - Winner!

  • Race: Terran Terran
  • League: Silver
  • Spawn Location: 7:00

VOD

Have the link to the VOD?

Description

Time

  • Played on: May 23, 2020, 8:46 p.m.
  • Length: 5:55
Show
View Real Time Build Order
Export as new Build Order

burial Terran 

Build Orders:  

Get SALT Encoding   

  12  0:04  SCV  
  13  0:16  SCV  
  14  0:21  Supply Depot  
  14  0:32  Supply Depot  
  14  0:35  SCV  
  15  0:47  SCV  
  16  0:55  Barracks  
  16  1:00  Refinery  
  16  1:01  SCV  
  17  1:13  SCV  
  18  1:27  SCV  
  18  1:29  Supply Depot  
  19  1:42  Orbital Command  
  19  1:55  Barracks  
  19  2:04  Marine  
  20  2:10  SCV  
  21  2:18  Engineering Bay  
  21  2:23  SCV  
  21  2:29  Marine  
  23  2:38  SCV  
  23  2:40  Refinery  
  24  2:44  Command Center  
  24  3:02  Barracks Reactor  
  24  3:06  SCV, Factory  
  25  3:13  Terran Infantry Weapons Level 1  
  25  3:19  SCV  
  26  3:20  Barracks Reactor  
  26  3:31  SCV  
  27  3:44  Reaper x2  
  27  3:46  Barracks Tech Lab  
  29  3:52  Factory Tech Lab  
  29  4:01  Orbital Command  
  29  4:06  SCV  
  29  4:08  Marauder  
  32  4:10  Siege Tank  
  32  4:17  Supply Depot  
  35  4:19  Supply Depot  
  35  4:22  Armory  
  30  5:11  Siege Tank  
Show
View Real Time Build Order
Export as new Build Order

JohnnyV Terran - Winner!

Build Orders:  

Get SALT Encoding   

  12  0:01  SCV  
  13  0:15  Supply Depot  
  13  0:18  SCV  
  14  0:31  SCV  
  15  0:41  Supply Depot  
  15  0:43  SCV  
  16  0:54  Refinery  
  16  0:55  SCV  
  17  1:01  Refinery  
  17  1:07  SCV  
  18  1:13  Supply Depot  
  18  1:19  SCV  
  19  1:26  Barracks  
  19  1:32  SCV  
  20  1:44  SCV  
  21  1:52  Barracks  
  21  1:56  SCV  
  23  2:08  SCV  
  23  2:14  Reaper  
  24  2:26  Factory  
  24  2:30  Orbital Command  
  24  2:35  Barracks  
  24  2:44  Reaper  
  26  2:52  Reaper  
  26  3:05  SCV  
  27  3:11  Factory Tech Lab  
  27  3:24  Reaper  
  27  3:25  Barracks Reactor  
  28  3:30  Siege Tank  
  31  3:37  Marine  
  31  3:41  Bunker  
  32  3:59  Supply Depot, Engineering Bay  
  32  4:00  Supply Depot  
  32  4:02  SCV  
  34  4:08  Reaper  
  34  4:09  Reaper  
  35  4:20  Siege Tank  
  38  4:25  Reaper  
  38  4:29  Marine  
  40  4:33  Factory  
  40  4:51  Reaper x2  
  40  5:17  Reaper  
  41  5:23  Reaper x2  
Tags
 
League
Silver
Matchup
TvT
Race
Terran
Spawn Locations
Cross Positions
Add a new tag
Caveats
  • Supply blocks, unpowered buildings, or Contaminate may cause inaccurate times.
  • Supply counts are checked every 10 seconds.